 Dungeon Crawl Stone Soup version 0.31-a0-803-g95b03c3367 (webtiles) character file.

Game seed: 17497645934539693065

2912443 MackTheKnife the Slayer (level 27, 255/255 HPs)
             Began as a Meteoran Wanderer on Sept 21, 2023.
             Was an Elder of Okawaru.
             Escaped with the Orb
             ... and 3 runes!
             The game lasted 01:36:08 (26514 turns).

MackTheKnife the Slayer (Meteoran Wanderer)        Turns: 26514, Time: 01:36:09

Health: 255/255    AC: 37    Str: 29    XL:     27
Magic:  36/36      EV: 24    Int: 16    God:    Okawaru [****..]
Gold:   4351       SH: 22    Dex: 21    Spells: 26/28 levels left

rFire   + .          .
                       - Unarmed
rCold   + . .        F - +0 kite shield
rNeg    . . .        E - +7 chain mail of the Moon {-Cast Will+ rCorr Dex+6}
rPois   +            i - +2 hat
rElec   .            X - scarf {rC+ rF+}
rCorr   +            H - +1 pair of gloves
SInv    .            h - +2 pair of boots
Will    ++++.        u - amulet of reflection Stlth
                     a - +6 ring of strength
HPRegen 0.62/turn    J - +4 ring of protection
MPRegen 0.25/turn

%: no spellcasting, reflection
@: glowing, studying Staves
A: sense surroundings 3, otherworldly, glowing, explore regen, horns 1,
iridescent scales 1, clumsy 2, poison resistance, screaming 1
0: Orb of Zot
}: 3/15 runes: barnacled, silver, gossamer
a: Renounce Religion, Heroism, Finesse


You escaped.
You worshipped Okawaru.
Okawaru was greatly pleased with you.
You visited 8 branches of the dungeon, and saw 44 of its levels.
You also visited: Ossuary, Ice Cave and Wizlab.

You collected 5328 gold pieces.
You spent 977 gold pieces at shops.


Innate Abilities, Weirdness & Mutations

You passively map a large area around you.
You are easily found by Zot.
You glow in the dark.
You regain HP and MP as you explore.
You have a pair of small horns on your head.
You are partially covered in iridescent scales. (AC +2)
You are very clumsy. (Dex -4)
Your system is resistant to poisons. (rPois)
You occasionally shout uncontrollably at your foes.


   Skills:
 - Level 22.3 Fighting
 + Level 21.1 Armour
 - Level 22.0 Dodging
 + Level 21.0 Shields
 - Level 22.0 Unarmed Combat
 - Level 1.3 Spellcasting
 - Level 3.6 Transmutations
 - Level 16.8 Invocations
 - Level 8.0 Evocations


You had 26 spell levels left.
You knew the following spells:

 Your Spells              Type           Power      Damage    Failure   Level
a - Wereblood             Tmut           12%        N/A       21%         2

Your spell library contained the following spells:

 Spells                   Type           Power      Damage    Failure   Level
 Passwall                 Tmut/Erth      5%         N/A       41%         2
 Apportation              Tloc           2%         N/A       52%         1
 Freeze                   Ice            4%         1d3       52%         1
 Necrotise                Necr           4%         1d4       52%         1
 Slow                     Hex            4%         N/A       52%         1
 Blink                    Tloc           2%         N/A       65%         2
 Ensorcelled Hibernation  Hex/Ice        2%         N/A       65%         2
 Jinxbite                 Hex            2%         N/A       65%         2
 Lesser Beckoning         Tloc           2%         N/A       65%         2
 Momentum Strike          Conj/Tloc      2%         3d8       65%         2
 Confusing Touch          Hex            1%         N/A       87%         3
 Dazzling Flash           Conj/Hex       2%         N/A       87%         3
 Frozen Ramparts          Ice            2%         1d1       87%         3
 Gell's Gravitas          Tloc           1%         N/A       87%         3
 Sigil of Binding         Hex            1%         N/A       87%         3
 Swiftness                Air            1%         N/A       87%         3
 Teleport Other           Tloc           1%         N/A       87%         3
 Vampiric Draining        Necr           1%         2d6       87%         3
 Volatile Blastmotes      Fire/Tloc      2%         2d10      87%         3
 Anguish                  Hex/Necr       0%         N/A       99%         4
 Cause Fear               Hex            0%         N/A       99%         4
 Dispel Undead            Necr           1%         3d6       99%         4
 Fulminant Prism          Conj/Hex       0%         3d5       99%         4
 Iskenderun's Mystic Bla  Conj/Tloc      1%         2d3       99%         4
 Manifold Assault         Tloc           1%         N/A       99%         4
 Passage of Golubria      Tloc           1%         N/A       99%         4
 Vhi's Electric Charge    Tloc/Air       2%         N/A       99%         4
 Agony                    Necr           1%         N/A       100%        5
 Alistair's Intoxication  Tmut/Pois      4%         N/A       100%        5
 Silence                  Hex/Air        0%         N/A       100%        5
 Dispersal                Tloc           0%         N/A       100%        6
 Eringya's Noxious Bog    Tmut/Pois      3%         4d6       100%        6
 Discord                  Hex            0%         N/A       100%        8
 Lehudib's Crystal Spear  Conj/Erth      0%         10d2      100%        8
 Death's Door             Necr           0%         N/A       100%        9
 Animate Dead             Necr           Unusable   N/A       N/A         4
 Summon Ice Beast         Ice/Summ       Unusable   N/A       N/A         4
 Summon Forest            Summ/Tloc      Unusable   N/A       N/A         5
 Summon Mana Viper        Hex/Summ       Unusable   N/A       N/A         5
 Simulacrum               Ice/Necr       Unusable   N/A       N/A         6
 Summon Cactus Giant      Summ           Unusable   N/A       N/A         6
 Haunt                    Necr/Summ      Unusable   N/A       N/A         7
 Infestation              Necr           Unusable   N/A       N/A         8

Inventory:

Hand Weapons
 R - the +8 frozen axe "Frostbite" {freeze, freezing cloud, *Noise Fly rC+}
   (You took it off a black draconian on level 4 of the Depths)

   rC+:       It protects you from cold.
   Fly:       It grants you flight.
   *Noise:    It may make a loud noise when swung.
Missiles
 k - 2 javelins {throwing}
 S - 14 silver javelins {throwing}
Armour
 h - a +2 pair of boots (worn)
   (You found it on level 3 of the Dungeon)
 i - a +2 hat (worn)
   (You found it on level 2 of the Vaults)
 E - the +7 chain mail of the Moon (worn) {-Cast Will+ rCorr Dex+6}
   (Okawaru gifted it to you on level 5 of the Lair of Beasts)

   Dex+6:     It affects your dexterity (+6).
   Will+:     It increases your willpower.
   -Cast:     It prevents spellcasting.
   rCorr:     It protects you from acid and corrosion.
 F - a +0 kite shield (worn)
   (You found it on level 2 of the Lair of Beasts)
 H - a +1 pair of gloves (worn)
   (You found it on level 4 of the Shoals)
 X - a scarf of resistance (worn)
   (You found it on level 14 of the Dungeon)
Jewellery
 a - a +6 ring of strength (left hand)
   (You found it on level 1 of the Dungeon)
 e - a ring of flight
   (You found it on level 4 of the Lair of Beasts)
 u - an amulet of reflection (around neck)
   (You found it on level 2 of the Shoals)
 w - a ring of fire
   (You found it on level 7 of the Dungeon)
 C - a ring of positive energy
   (You found it on level 1 of the Spider Nest)
 J - a +4 ring of protection (right hand)
   (You found it on level 15 of the Dungeon)
 U - a ring of see invisible
   (You found it on level 5 of the Vaults)
 Z - the ring of Mirth {Ice rN+ Str+2 SInv}
   (You took it off Josephina on level 1 of the Realm of Zot)

   [ring of ice]

   Ice:       It enhances your ice magic.
   Str+2:     It affects your strength (+2).
   rF-:       It makes you vulnerable to fire.
   rC+:       It protects you from cold.
   rN+:       It protects you from negative energy.
   SInv:      It lets you see invisible.
Wands
 d - a wand of flame (68)
 l - a wand of mindburst (7)
   (You found it on level 5 of the Lair of Beasts)
 m - a wand of digging (5)
   (You found it on level 2 of the Dungeon)
 y - a wand of quicksilver (15)
   (You found it on level 9 of the Dungeon)
 O - a wand of roots (17)
   (You found it on level 4 of the Spider Nest)
 Q - a wand of charming (7)
   (You found it on level 4 of the Spider Nest)
Scrolls
 c - 5 scrolls of teleportation {@r4}
 f - a scroll of fear
 g - a scroll of fog
 o - 4 scrolls of vulnerability {!r!r}
 p - a scroll of silence {!r}
 r - 8 scrolls of noise {!r}
 I - 2 scrolls of blinking {!r}
 L - 3 scrolls of immolation {!r!r}
 M - 3 scrolls of poison
 T - 4 scrolls of identify {@r1}
 V - a scroll of brand weapon
 Y - 2 scrolls of torment {!r}
Potions
 b - 4 potions of attraction {!q}
 s - 4 potions of mutation {!q}
 t - 3 potions of invisibility
 x - 10 potions of heal wounds {@q2}
 z - 14 potions of curing {@q1}
 A - 7 potions of enlightenment
 D - 2 potions of magic
 G - 4 potions of berserk rage {!q}
 N - 3 potions of lignification {!q}
 P - 2 potions of ambrosia
 W - a potion of resistance
Miscellaneous
 q - a lightning rod (4/4)
   (You found it on level 4 of the Shoals)
 v - a phantom mirror
   (You found it on level 5 of the Vaults)
 B - a phial of floods
   (You found it on level 4 of the Shoals)

Dungeon Overview and Level Annotations

Branches:
Dungeon (15/15)            Temple (0/1) D:4            Lair (5/5) D:9
 Shoals (4/4) Lair:3       Spider (4/4) Lair:2        Slime (0/5) Lair:4
    Orc (2/2) D:9          Vaults (5/5) D:13          Crypt (0/3) Vaults:2
 Depths (4/4) D:15            Zot (5/5) Depths:4    Ossuary (visited)
  IceCv (visited)          WizLab (visited)
    Elf: Orc:2

Altars:
Fedhas
Nemelex Xobeh
Okawaru
Qazlal
Sif Muna
Wu Jian
Yredelemnul
The Shining One
Jiyva

Shops:
D:4 !   D:7 (   D:8 :   D:11 (   Orc:2 (:=*   Shoals:2 *   Shoals:3 :[
Vaults:1 ((*((   Vaults:2 *

Portals:
Hell: Depths:1 Depths:2 Depths:4
Abyss: Depths:4
Pandemonium: Depths:2

Annotations:
D:9 2 transporters, exclusion: downstairs
D:12 1 runed translucent door, WhatIsLove's ghost, journeyman DjFE
D:13 exclusion: downstairs
Lair:2 exclusion: downstairs
Lair:3 exclusion: downstairs
Depths:3 exclusion: upstairs
Zot:5 exclusion: 2 upstairs

### #@## #..## ##
##...###≈#
#....#≈≈≈#
#####..~≈~≈≈≈#
##≈≈≈~~~~~~≈########
#≈≈≈~≈~~~..## #...#
#≈≈##.......# #...#
# ##*#......§§##
#...#####


There were no monsters in sight!


Message History

You regained 86 hp, and now have 254/255 hp.
Found a stone staircase leading down. 😎 HP[+1]
Your hp is fully restored (255).
You see here a +0 short sword {short}.
There is a stone staircase leading up here.
You climb upwards.
There is a stone staircase leading down here.
What level of the Dungeon? (default 10, ? - help)
A killer bee comes into view.
Unknown command.
The killer bee buzzes angrily.
You hear an angry buzzing noise. x2
A killer bee comes into view.
A killer bee comes into view. x2
You block the killer bee's attack.
The killer bee buzzes angrily. x2
You squash the killer bee like an ant!!!
You kill the killer bee!
Okawaru accepts your kill.
You hear an angry buzzing noise.
A killer bee comes into view.
You block the killer bee's attack. x2
You see here a killer bee corpse.
You pound the killer bee into fine dust!!!
You kill the killer bee!
Okawaru accepts your kill. You block the killer bee's attack.
You pound the killer bee into fine dust!!!
You kill the killer bee!
Okawaru accepts your kill. You block the killer bee's attack.
You closely miss the killer bee. You headbutt the killer bee.
The killer bee completely misses you. x2
You miss the killer bee. You block the killer bee's attack. x2
The killer bee stings you but does no damage.
You block the killer bee's attack.
You punch the killer bee! You headbutt the killer bee.
You block the killer bee's attack. The killer bee completely misses you.
You closely miss the killer bee. You headbutt the killer bee.
You kill the killer bee!
Okawaru accepts your kill. The killer bee completely misses you.
You miss the killer bee. Your headbutt misses the killer bee.
You block the killer bee's attack.
You miss the killer bee. You headbutt the killer bee.
You block the killer bee's attack. The killer bee completely misses you.
You pummel the killer bee!!
You kill the killer bee!
Okawaru accepts your kill.
You see here a killer bee corpse.
There is a stone staircase leading up here.
You climb upwards.
There is a stone staircase leading down here.
What level of the Dungeon? (default 1, ? - help)
There is a stone staircase leading up here.
You climb upwards.
There is a stone staircase leading down here.
There is a stone staircase leading up here.
You climb upwards.
There is a stone staircase leading down here.
An Orb Guardian comes into view.
You barely miss the Orb Guardian. The Orb Guardian completely misses you.
You pummel the Orb Guardian!! You block the Orb Guardian's attack.
You barely miss the Orb Guardian. You block the Orb Guardian's attack.
You punch the Orb Guardian! You headbutt the Orb Guardian.
You block the Orb Guardian's attack.
You barely miss the Orb Guardian. You headbutt the Orb Guardian.
You block the Orb Guardian's attack.
Unknown command.
You pummel the Orb Guardian!! You headbutt the Orb Guardian.
You pummel the Orb Guardian!!
You kill the Orb Guardian!
Okawaru accepts your kill.
There is a stone staircase leading up here.
You climb upwards.
There is a stone staircase leading down here.
What level of the Dungeon? (default 1, ? - help)
There is a stone staircase leading up here.
You climb upwards.
There is a stone staircase leading down here.
A worm is nearby!
You pummel the worm!!
You kill the worm!
No target in view!
No target in view!
There is a stone staircase leading up here.
You climb upwards.
There is a stone staircase leading down here.
What level of the Dungeon? (default 1, ? - help)
You see here a staff of earth {!astaff}.
There is a stone staircase leading up here.
You climb upwards.
There is a stone staircase leading down here.
Tiunizxu comes into view.
Unknown command.
As you read the scroll of fog, it dissolves into smoke.
Blink to where?
Press: ? - help, Dir - move target
As you read the scroll of blinking {!r}, it crumbles to dust.
You have escaped!

Skill      XL: |  1  2  3  4  5  6  7  8  9 10 11 12 13 14 15 16 17 18 19 20 21 22 23 24 25 26 27 |
---------------+----------------------------------------------------------------------------------+-----
Unarmed Combat | 1 2 3 4 6 7 9 11 13 16 18 20 21 22 | 22.0
Fighting       | 3 6 9 10 12 15 16 17 19 22 | 22.3
Dodging        | 3 6 9 10 11 12 13 17 20 22 | 22.0
Armour         | 4 6 8 13 14 16 18 21 | 21.1
Invocations    | 11 13 16 | 16.8
Shields        | 6 12 13 14 16 18 21 | 21.0
Evocations     | 8 |  8.0
Spellcasting   | |  1.3
Transmutations | |  3.6

Action                     |  1- 3 |  4- 6 |  7- 9 | 10-12 | 13-15 | 16-18 | 19-21 | 22-24 | 25-27 || total
---------------------------+-------+-------+-------+-------+-------+-------+-------+-------+-------++-------
  Melee: Unarmed           |   145 |   124 |   221 |   461 |  1183 |  1142 |  1184 |  1336 |  1517 ||  7313
         Punch             |     1 |     4 |    19 |    59 |    30 |       |       |       |       ||   113
         Headbutt          |       |       |    33 |   112 |   292 |   289 |   379 |   458 |   552 ||  2115
   Cast: Wereblood         |     1 |       |     2 |       |       |       |       |       |       ||     3
 Invoke: Heroism           |       |       |       |     8 |     6 |    22 |    20 |    23 |    24 ||   103
         Finesse           |       |       |       |     1 |     2 |     7 |     7 |     9 |    16 ||    42
         Receive Weapon    |       |       |       |       |     1 |       |       |       |       ||     1
         Receive Armour    |       |       |       |       |     1 |       |       |       |       ||     1
         Duel              |       |       |       |       |       |       |     1 |       |     1 ||     2
  Evoke: Wand              |       |       |       |     9 |    12 |     1 |       |     4 |     7 ||    33
         Lightning rod     |       |       |       |       |       |       |       |     1 |       ||     1
    Use: Potion            |       |     2 |       |     2 |     3 |     2 |     5 |       |    12 ||    26
         Scroll            |       |       |    11 |     5 |    15 |     5 |    15 |     5 |     7 ||    63
   Stab: Distracted        |       |     1 |       |       |       |       |       |       |       ||     1
         Held in net/web   |       |       |       |       |       |     1 |       |       |       ||     1
         Confused          |       |       |       |       |       |       |       |       |     2 ||     2
 Armour: Ring mail         |    81 |    88 |   163 |   334 |   246 |       |       |       |       ||   912
         Skin              |       |     2 |       |       |       |       |       |       |       ||     2
         Chain mail        |       |       |       |       |   321 |   453 |   406 |   393 |   366 ||  1939
  Dodge: Dodged            |    81 |    60 |    98 |   353 |   595 |   379 |   363 |   421 |   493 ||  2843
  Block: Kite shield       |       |       |       |       |   549 |   908 |   790 |   783 |   750 ||  3780
         Reflection        |       |       |       |       |     2 |    58 |    51 |    51 |    20 ||   182

Levels and vault maps discovered:
D:1:      eino_arrival_cavern_b, layout_loops_ring
D:2:      layout_rooms, hellmonk_ecumenical_altar_lost_god
D:3:      layout_basic, lemuel_tele_altar, mainiacjoe_overflow_catch_the_wave,
          minmay_misc_feat_plants, minmay_misc_feat_rugged, uniq_natasha,
          uniq_ijyb
D:4:      layout_loops_ring, kennysheep_mini_moat,
          minmay_temple_entry_mini_moons, gup_ossuary_entry_pyramid,
          serial_shops, nicolae_stop_n_shop_1, minivault_24, minmay_manual_moon
D:5:      layout_basic, okawaru_ov_weapons_minmay
D:6:      nicolae_whirlpool, layout_cave_pools, serial_park,
          serial_park_square2, serial_park_tiny_2, serial_park_square2
D:7:      kennysheep_windowed_halls, layout_basic,
          chequers_temple_overflow_minitemple, fedhas_altar_2, serial_shops,
          shop
D:8:      layout_layer_cave, serial_shops, shop
D:9:      layout_layer_cave, erik_lair_island, nicolae_diode_stairs
D:10:     minmay_polygon_palace, layout_basic, uniq_maggie
D:11:     layout_big_octagon, serial_shops, shop
D:12:     cheibrodos_helix_gallery, layout_basic, gammafunk_ghost_grave,
          chequers_serial_rivers_micro_e, yredelemnul_forgotten_temple_becter,
          uniq_kirke
D:13:     layout_roguey, david_vaults_5, uniq_nessos
D:14:     layout_roguey, nemelex_lonely_heart_becter
D:15:     gammafunk_depths_entry_grave, layout_loops_cross, tso_altar
Lair:1:   layout_gridlike, ebering_ghost_rock_garden, pdpol_lair_cavern_descent,
          grunt_megastairs_5, lemuel_fruit_fields, serial_bayou_shore_b,
          uniq_amaemon, uniq_grum, uniq_jeremiah
Lair:2:   layout_cave_shapes, dummy_spider_entry, grunt_megastairs_3
Lair:3:   layout_misc_corridors, elwin_shoals_entry_stream, uniq_gastronok
Lair:4:   layout_roguey, nicolae_slime_entry_field_trip,
          infiniplex_staircase_pool_2
Lair:5:   minmay_lair_end_enchanted_forest, layout_cave_pods,
          grunt_megastairs_2, serial_bayou_shore_a, infiniplex_staircase_pool
Shoals:1: layout_shoals, uniq_nikola
Shoals:2: layout_shoals, serial_shops, nicolae_shop_trees
Shoals:3: layout_shoals, nicolae_shop_dragon_depot, nicolae_shop_vocational
Shoals:4: shoals_end_grunt_ice, layout_shoals, uniq_louise
Spider:1: layout_spider_delve
Spider:2: layout_spider_delve, beargit_elvish_explorers
Spider:3: layout_spider_delve
Spider:4: floodkiller_spider_rune_tomb, hellmonk_test_site
Orc:1:    layout_diamond_mine, portal_ice_cave_entry_imps, uniq_fannar,
          uniq_urug
Orc:2:    pubby_orc_utopia
Vaults:1: infiniplex_enter_wizlab_glasses, v_misc_16, nicolae_vaults_alarming,
          nicolae_vaults_three_branches, ontoclasm_vaults_eye,
          nicolae_vaults_closet_pinwheel_1, nicolae_vaults_gold_heap,
          nicolae_vaults_stepped_doors, grunt_vaults_funnel,
          layout_vaults_big_room, serial_shops, shop, nicolae_shop_drivethru,
          shop, nicolae_diamond_shop, nicolae_shop_gibbet_a_chance
Vaults:2: vaults_mumra_hexcomb, gammafunk_its_a_trap, ontoclasm_vaults_gateway,
          vaults_dpeg_emergency_exit, ontoclasm_vaults_claustrophobia,
          nicolae_vaults_windows_and_doors_thing, hangedman_vaults_restitches,
          nicolae_vaults_trapezoid_3, nicolae_vaults_diamond_2,
          nicolae_vaults_apartment_1, nicolae_vaults_house_1,
          layout_vaults_maze_bifur, blue_anna_dwarven_crypt, serial_shops, shop
Vaults:3: nicolae_vaults_diagonal_hallway_6, nicolae_vaults_closet_pinwheel_6,
          nicolae_vaults_little_ls, nicolae_vaults_circle_grid_b,
          hangedman_vaults_stagger, vaults_room_hangedman_quadrants,
          nicolae_vaults_little_squares_6, ontoclasm_vaults_shuriken,
          nicolae_vaults_triangles, nicolae_vaults_trapezoid_layered,
          nicolae_vaults_closet_pinwheel_2, grunt_vaults_twisty,
          layout_vaults_omnicross
Vaults:4: nicolae_vaults_trapezoid_1, ontoclasm_vaults_fault,
          nicolae_vaults_theta, v_misc_23, vaults_dpeg_encased_lava,
          nicolae_vaults_tetromino_Z_1, nicolae_vaults_cochlea,
          nicolae_vaults_two_Ls, vaults_room_grid,
          nicolae_vaults_storage_room_statues, layout_vaults_omnigrid
Vaults:5: serial_shops
Depths:1: minmay_angry_zag, layout_cave_pools, hell_entry, minmay_misc_feat_chi,
          minivault_14, kennysheep_small_circle, uniq_aizul, uniq_bai_suzhen
Depths:2: minmay_the_grid_square_5x5_5x5 [minmay_the_grid_square_5x5_z,
          minmay_the_grid_square_5x5_tetrominoes,
          minmay_the_grid_square_5x5_almost_minimal,
          minmay_the_grid_square_5x5_fat_x,
          minmay_the_grid_square_5x5_tri_point,
          minmay_the_grid_square_5x5_trominoes,
          minmay_the_grid_square_5x5_prize_deathbox,
          minmay_the_grid_square_5x5_inset,
          minmay_the_grid_square_5x5_prize_monsterx,
          minmay_the_grid_square_5x5_eight, minmay_the_grid_square_5x5_inner_v,
          minmay_the_grid_square_5x5_six,
          minmay_the_grid_square_5x5_prize_itemx,
          minmay_the_grid_square_5x5_checkered_sparse,
          minmay_the_grid_square_5x5_one_wall,
          minmay_the_grid_square_5x5_hourglass,
          minmay_the_grid_square_5x5_prize_rear_guard,
          minmay_the_grid_square_5x5_checkered,
          minmay_the_grid_square_5x5_prize_waves,
          minmay_the_grid_square_5x5_inverted_slash,
          minmay_the_grid_square_5x5_misaligned,
          minmay_the_grid_square_5x5_spiral_small,
          minmay_the_grid_square_5x5_n_small,
          minmay_the_grid_square_5x5_eight_small,
          minmay_the_grid_square_5x5_six_small], layout_cave_pools,
          enter_ziggurat_a, hangedman_decor_slide_cut, hell_entry, pan_entry,
          uniq_norris
Depths:3: hangedman_box_tower, layout_gridlike, abyss_entry,
          grunt_hell_entry_dis_grunt, kennysheep_minor_cross,
          nicolae_qazlal_general_emergency
Depths:4: lemuel_castle_with_subvaults [lemuel_castle_interior_carwin_1],
          layout_cave_pools, serial_shops, nicolae_shop_statue_plus,
          minmay_room_of_horrors, hell_entry, serial_sigils_hangedman_leer
Zot:1:    layout_misc_corridors, skrybe_zot_glass_2, uniq_josephina
Zot:2:    layout_basic, grunt_megastairs_4, uniq_vv
Zot:3:    kennysheep_blocky_hall, layout_cellular_growth,
          nicolae_zot_crop_circle
Zot:4:    layout_cathedral_of_symmetry
Zot:5:    layout_misc_corridors

Notes
Turn   | Place    | Note
-------+----------+-------------------------------------------
     0 | D:1      | MackTheKnife the Meteoran Wanderer began the quest for the
                  | Orb.
     0 | D:1      | MackTheKnife set off with the following items: a +0 club
                  | {mace}, a +0 ring mail, a scroll of blinking {!r}, a wand
                  | of flame (12); and the following spells available to
                  | memorise: Wereblood, Passwall.
     0 | D:1      | Reached XP level 1. HP: 14/14 MP: 3/3
     0 | D:1      | magus.rc [v1.9.6]
    46 | D:1      | Reached skill level 1 in Unarmed Combat
    61 | D:1      | Reached XP level 2. HP: 15/20 MP: 5/5
    73 | D:1      | Reached skill level 2 in Unarmed Combat
   189 | D:1      | Reached XP level 3. HP: 26/26 MP: 6/6
   290 | D:1      | Reached skill level 3 in Unarmed Combat
   582 | D:2      | Learned a level 2 spell: Wereblood
   644 | D:2      | Reached XP level 4. HP: 33/33 MP: 5/7
   689 | D:2      | Found a faded altar of an unknown god.
   718 | D:2      | Prayed at the altar of an unknown god.
   718 | D:2      | Became a worshipper of Warmaster Okawaru
   718 | D:2      | Reached * piety under Okawaru
   775 | D:2      | Reached skill level 4 in Unarmed Combat
  1013 | D:3      | Found an ornate altar of the Wu Jian Council.
  1013 | D:3      | Noticed Natasha
  1032 | D:3      | Reached XP level 5. HP: 31/38 MP: 8/8
  1041 | D:3      | Noticed Ijyb
  1221 | D:3      | Reached skill level 5 in Unarmed Combat
  1258 | D:3      | Killed Ijyb
  1274 | D:3      | HP: 8/38 [something/magic dart (4)]
  1280 | D:2      | Gained mutation: You have hidden genetic potential. [potion
                  | of mutation]
  1280 | D:2      | Gained mutation: Your system is resistant to poisons.
                  | (rPois) [potion of mutation]
  1280 | D:2      | HP: 3/38 [something (3)]
  1280 | D:2      | HP: 1/38 [something (2)]
  1357 | D:3      | Found a sparkling altar of Nemelex Xobeh.
  1396 | D:3      | Killed Natasha
  1397 | D:3      | Reached skill level 6 in Unarmed Combat
  1397 | D:3      | Reached XP level 6. HP: 40/45 MP: 9/9
  1463 | D:3      | Found a glowing golden altar of the Shining One.
  1476 | D:3      | Gained mutation: You are partially covered in iridescent
                  | scales. (AC +2) [hidden potential]
  1601 | D:3      | Noticed Natasha
  1609 | D:3      | Killed Natasha
  1609 | D:3      | Reached ** piety under Okawaru
  1644 | D:4      | Reached skill level 7 in Unarmed Combat
  1660 | D:4      | Noticed an ice beast
  1675 | D:4      | Killed an ice beast
  1676 | D:4      | Reached XP level 7. HP: 43/50 MP: 10/10
  1701 | D:4      | Found a shimmering blue altar of Sif Muna.
  1710 | D:4      | Reached skill level 8 in Unarmed Combat
  1762 | D:4      | Found a sand-covered staircase.
  1772 | Ossuary  | Entered an ossuary
  1818 | Ossuary  | Reached skill level 9 in Unarmed Combat
  1819 | Ossuary  | Reached *** piety under Okawaru
  1820 | Ossuary  | Reached XP level 8. HP: 48/57 MP: 11/11
  1831 | Ossuary  | Gained mutation: You have a pair of small horns on your
                  | head. [hidden potential]
  1831 | Ossuary  | Lost mutation: You have hidden genetic potential. [hidden
                  | potential expressed]
  1869 | Ossuary  | Reached skill level 10 in Unarmed Combat
  1968 | Ossuary  | Reached skill level 11 in Unarmed Combat
  1994 | Ossuary  | Gained mutation: You passively map the area around you.
                  | [Meteoran growth]
  1994 | Ossuary  | Reached XP level 9. HP: 62/62 MP: 9/12
  2048 | Ossuary  | Reached skill level 12 in Unarmed Combat
  2049 | Ossuary  | Reached **** piety under Okawaru
  2143 | D:4      | Found a staircase to the Ecumenical Temple.
  2165 | D:4      | Found Cydwa's Distillery.
  2172 | D:4      | Bought a potion of heal wounds for 60 gold pieces
  2172 | D:4      | Bought a potion of curing for 36 gold pieces
  2348 | D:5      | Entered Level 5 of the Dungeon
  2465 | D:6      | Reached skill level 13 in Unarmed Combat
  2487 | D:6      | Reached skill level 1 in Fighting
  2487 | D:6      | Reached skill level 1 in Dodging
  2532 | D:6      | Reached skill level 2 in Fighting
  2532 | D:6      | Reached skill level 3 in Armour
  2532 | D:6      | Reached skill level 2 in Dodging
  2568 | D:7      | Found Oxyuwk's Antique Weapon Emporium.
  2571 | D:7      | Found a blossoming altar of Fedhas.
  2759 | D:7      | Reached skill level 3 in Fighting
  2759 | D:7      | Reached skill level 3 in Dodging
  2814 | D:7      | Reached skill level 4 in Armour
  2814 | D:7      | Reached XP level 10. HP: 64/77 MP: 13/13
  2858 | D:7      | Reached ***** piety under Okawaru
  2908 | D:7      | Reached skill level 4 in Fighting
  2908 | D:7      | Reached skill level 4 in Dodging
  2936 | D:7      | Reached skill level 5 in Armour
  2958 | D:7      | Noticed a cyclops
  2968 | D:7      | HP: 17/80 [cyclops (29)]
  2970 | D:7      | Killed a cyclops
  2971 | D:7      | Reached skill level 5 in Fighting
  2971 | D:7      | Reached skill level 5 in Dodging
  2973 | D:7      | You add the spells Momentum Strike, Vhi's Electric Charge,
                  | Dispersal and Eringya's Noxious Bog to your library.
  2973 | D:7      | Got a weird book
  3042 | D:7      | Received a gift from Okawaru
  3051 | D:7      | Reached skill level 6 in Armour
  3204 | D:8      | HP: 19/83 [killer bee (4)]
  3235 | D:8      | Reached skill level 6 in Fighting
  3236 | D:8      | You pick up a book of Debilitation and begin reading...
  3236 | D:8      | You add the spells Slow, Sigil of Binding, Vampiric
                  | Draining and Confusing Touch to your library.
  3322 | D:8      | Reached skill level 6 in Dodging
  3461 | D:8      | Reached XP level 11. HP: 75/91 MP: 14/14
  3528 | D:8      | Found Qeolliwa's Book Boutique.
  3700 | D:8      | Reached skill level 7 in Fighting
  3703 | D:8      | Reached skill level 7 in Dodging
  3848 | D:9      | Received a gift from Okawaru
  3871 | D:9      | Found a staircase to the Lair.
  4018 | D:9      | You pick up a book of Dreams and begin reading...
  4018 | D:9      | You add the spells Jinxbite, Ensorcelled Hibernation and
                  | Anguish to your library.
  4077 | D:9      | Noticed a two-headed ogre
  4084 | D:9      | Killed a two-headed ogre
  4085 | D:9      | Reached skill level 8 in Fighting
  4085 | D:9      | Reached skill level 8 in Dodging
  4095 | D:9      | Found a staircase to the Orcish Mines.
  4273 | D:9      | Identified the +4 long sword of the Heavens {protect, rPois
                  | rC- Dex+2}
  4346 | D:9      | Found a transporter.
  4354 | D:9      | Found a transporter.
  4446 | Lair:1   | Entered Level 1 of the Lair of Beasts
  4458 | Lair:1   | Found a runed translucent gate.
  4458 | Lair:1   | Found a runed translucent gate.
  4458 | Lair:1   | Found a runed translucent gate.
  4458 | Lair:1   | Noticed JaaP's ghost (novice MiFi)
  4546 | Lair:1   | Reached skill level 9 in Fighting
  4546 | Lair:1   | Reached skill level 9 in Dodging
  4550 | Lair:1   | Noticed a catoblepas
  4552 | Lair:1   | Noticed a black mamba
  4566 | Lair:1   | Received a gift from Okawaru
  4574 | Lair:1   | Killed a black mamba
  4584 | Lair:1   | Noticed Grum
  4584 | Lair:1   | Noticed Jeremiah
  4594 | Lair:1   | HP: 16/97 [Jeremiah/bolt of dispelling energy (14)]
  4719 | Lair:1   | Killed JaaP's ghost
  4775 | Lair:1   | Reached XP level 12. HP: 50/106 MP: 15/15
  4781 | Lair:1   | Killed Grum
  4798 | Lair:2   | Noticed a five-headed hydra
  4798 | Lair:2   | Noticed a skyshark
  4818 | Lair:2   | Reached skill level 10 in Fighting
  4818 | Lair:2   | Reached skill level 10 in Dodging
  4820 | Lair:2   | Reached skill level 1 in Invocations
  4825 | Lair:2   | Reached skill level 2 in Invocations
  4831 | Lair:2   | Reached skill level 3 in Invocations
  4838 | Lair:2   | Killed a skyshark
  4839 | Lair:2   | Reached skill level 4 in Invocations
  4841 | Lair:2   | Killed a five-headed hydra
  4841 | Lair:2   | Received a gift from Okawaru
  4842 | Lair:2   | Reached skill level 5 in Invocations
  4844 | Lair:2   | Reached skill level 6 in Invocations
  4848 | Lair:2   | HP: 23/106 [yak (11)]
  4854 | Lair:2   | HP: 18/106 [yak (11)]
  4881 | Lair:2   | Reached skill level 7 in Invocations
  4899 | Lair:2   | Reached skill level 8 in Invocations
  4931 | Lair:2   | Reached skill level 9 in Invocations
  4965 | Lair:2   | Noticed a seven-headed hydra
  5026 | Lair:2   | Reached skill level 10 in Invocations
  5031 | Lair:2   | HP: 25/106 [seven-headed hydra (8)]
  5034 | Lair:2   | Killed a seven-headed hydra
  5038 | Lair:2   | Received a gift from Okawaru
  5047 | Lair:2   | Reached skill level 11 in Invocations
  5113 | Lair:2   | Reached XP level 13. HP: 81/113 MP: 22/22
  5225 | Lair:2   | Found a hole to the Spider Nest.
  5321 | Lair:3   | Reached skill level 14 in Unarmed Combat
  5400 | Lair:3   | HP: 26/113 [merfolk/+0 trident (15)]
  5408 | Lair:3   | Found a staircase to the Shoals.
  5436 | Lair:3   | Received a gift from Okawaru
  5453 | Lair:3   | Reached skill level 15 in Unarmed Combat
  5475 | Lair:3   | HP: 14/113 [dream sheep[a torpor snail] (28)]
  5480 | Lair:3   | HP: 5/113 [dream sheep[a torpor snail] (6)]
  5505 | Lair:4   | Noticed a boulder beetle
  5589 | Lair:4   | Noticed a six-headed hydra
  5602 | Lair:4   | Killed a six-headed hydra
  5623 | Lair:4   | Reached skill level 16 in Unarmed Combat
  5696 | Lair:4   | Reached skill level 1 in Shields
  5704 | Lair:4   | Reached skill level 2 in Shields
  5766 | Lair:4   | Received a gift from Okawaru
  5767 | Lair:4   | Reached skill level 3 in Shields
  5789 | Lair:4   | Reached skill level 4 in Shields
  5825 | Lair:5   | Entered Level 5 of the Lair of Beasts
  5835 | Lair:5   | Reached skill level 5 in Shields
  5837 | Lair:5   | HP: 25/113 [wyvern (32)]
  5837 | Lair:5   | HP: 8/113 [skyshark (6)]
  5843 | Lair:5   | Reached skill level 6 in Shields
  5843 | Lair:5   | Reached XP level 14. HP: 28/121 MP: 23/23
  5895 | Lair:4   | HP: 28/121 [boulder beetle (15)]
  5900 | Lair:4   | Found a viscous altar of Jiyva.
  5905 | Lair:4   | Found a staircase to the Slime Pits.
  5924 | Lair:4   | Received a gift from Okawaru
  5993 | Lair:5   | Reached skill level 7 in Shields
  6106 | Lair:5   | Reached ****** piety under Okawaru
  6107 | Lair:5   | Reached skill level 8 in Shields
  6370 | Lair:5   | Reached skill level 9 in Shields
  6425 | Lair:5   | Received a gift from Okawaru
  6428 | Lair:5   | Reached skill level 10 in Shields
  6457 | Lair:5   | Acquired a +5 broad axe of flaming
  6457 | Lair:5   | Received a gift from Okawaru
  6459 | Lair:5   | Acquired the +7 chain mail of the Moon {-Cast Will+ rCorr
                  | Dex+6}
  6459 | Lair:5   | Received a gift from Okawaru
  6667 | Lair:1   | Killed Jeremiah
  6748 | D:9      | Reached skill level 11 in Shields
  6756 | Orc:1    | Entered Level 1 of the Orcish Mines
  6858 | Orc:1    | Found a frozen archway.
  6966 | IceCv    | Entered an ice cave
  7346 | IceCv    | Received a gift from Okawaru
  7358 | IceCv    | Reached skill level 7 in Armour
  7360 | IceCv    | Reached skill level 12 in Shields
  7383 | IceCv    | You add the spells Freeze and Frozen Ramparts to your
                  | library.
  7383 | IceCv    | Got a leatherbound book
  7385 | IceCv    | K - a +0 eveningstar of freezing {macerare=g}
  7442 | Orc:2    | Entered Level 2 of the Orcish Mines
  7588 | Orc:2    | Reached skill level 8 in Armour
  7588 | Orc:2    | Reached XP level 15. HP: 126/126 MP: 24/24
  7969 | Orc:2    | Found Eweafupu's Assorted Antiques.
  7973 | Orc:2    | Reached skill level 9 in Armour
  8003 | Orc:2    | Bought a scroll of blinking for 232 gold pieces
  8003 | Orc:2    | Bought a tubular opal ring for 155 gold pieces
  8009 | Orc:2    | Found Ezenanup's Jewellery Shop.
  8225 | Orc:2    | Reached skill level 10 in Armour
  8235 | Orc:2    | Received a gift from Okawaru
  8289 | Orc:2    | Noticed an orc warlord
  8325 | Orc:2    | Killed an orc warlord
  8353 | Orc:2    | Reached skill level 11 in Armour
  8353 | Orc:2    | Found Omi Wewk's Book Boutique.
  8379 | Orc:2    | Found Aqobed's Weapon Shop.
  8452 | Orc:2    | Glimpsed the power of Zot.
  8658 | Shoals:1 | Entered Level 1 of the Shoals
  8701 | Shoals:1 | HP: 25/126 [merfolk impaler/+6 trident of venom (11)]
  8702 | Shoals:1 | HP: 5/126 [merfolk impaler/+6 trident of venom (21)]
  8707 | Shoals:1 | Reached skill level 12 in Armour
  8738 | Shoals:2 | Received a gift from Okawaru
  8775 | Shoals:2 | Reached skill level 13 in Armour
  8965 | Shoals:3 | Found Xuoroam's Vocational Training.
  8981 | Shoals:3 | Reached XP level 16. HP: 117/134 MP: 25/25
  9055 | Shoals:3 | Received a gift from Okawaru
  9072 | Shoals:3 | Found Argus's Dragon-Slaying Spoils.
  9186 | Shoals:4 | Entered Level 4 of the Shoals
  9200 | Shoals:4 | Reached skill level 11 in Fighting
  9200 | Shoals:4 | Reached skill level 17 in Unarmed Combat
  9298 | Shoals:4 | Noticed Louise
  9318 | Shoals:4 | Killed Louise
  9338 | Shoals:4 | Received a gift from Okawaru
  9557 | Shoals:4 | Noticed a frost giant
  9567 | Shoals:4 | Reached skill level 12 in Fighting
  9572 | Shoals:4 | Killed a frost giant
  9586 | Shoals:4 | Received a gift from Okawaru
  9599 | Shoals:4 | Reached skill level 18 in Unarmed Combat
  9627 | Shoals:4 | Got a barnacled rune of Zot
  9714 | Shoals:4 | Identified the +0 robe of Nubre {rElec rPois rF+ SInv}
  9975 | Shoals:4 | Found the +8 longbow "Zephyr" {speed, Dex+3 SInv}
 10030 | Shoals:4 | You add the spells Cause Fear and Discord to your library.
 10030 | Shoals:4 | Got a loosely-bound book
 10064 | Shoals:3 | Reached XP level 17. HP: 148/148 MP: 26/26
 10094 | Shoals:4 | Received a gift from Okawaru
 10095 | Shoals:4 | Reached skill level 13 in Fighting
 10430 | Shoals:3 | Identified the +7 spear of Punishment {flame, rC+ Str+2}
 10547 | Shoals:2 | Identified the staff "Haf Ofuca" {rPois Dex-4 Hexes Ice
                  | Earth}
 10616 | Shoals:2 | Found Paosa's General Store.
 10624 | Shoals:2 | Bought a scroll of blinking for 105 gold pieces
 10624 | Shoals:2 | Bought a potion of mutation for 112 gold pieces
 10663 | Shoals:2 | Reached skill level 19 in Unarmed Combat
 10822 | Shoals:1 | Reached skill level 14 in Fighting
 10839 | Shoals:1 | You pick up a book of the Moon and begin reading...
 10839 | Shoals:1 | You add the spells Passage of Golubria, Silence and
                  | Lehudib's Crystal Spear to your library.
 10878 | Shoals:1 | You pick up a book of Burglary and begin reading...
 10991 | Shoals:1 | Noticed Nikola
 11010 | Shoals:1 | Killed Nikola
 11010 | Shoals:1 | Received a gift from Okawaru
 11224 | Shoals:1 | Glimpsed the power of Zot.
 11305 | Spider:1 | Entered Level 1 of the Spider Nest
 11721 | Spider:3 | Reached skill level 20 in Unarmed Combat
 11797 | Spider:3 | Reached skill level 15 in Fighting
 11829 | Spider:3 | Received a gift from Okawaru
 11830 | Spider:3 | Gained mutation: You passively map a large area around you.
                  | [Meteoran growth]
 11830 | Spider:3 | Reached XP level 18. HP: 156/163 MP: 25/27
 11840 | Spider:4 | Entered Level 4 of the Spider Nest
 12048 | Spider:4 | Reached skill level 16 in Fighting
 12056 | Spider:4 | Reached skill level 5 in Evocations
 12097 | Spider:4 | Reached skill level 6 in Evocations
 12146 | Spider:4 | Reached skill level 7 in Evocations
 12211 | Spider:4 | Received a gift from Okawaru
 12212 | Spider:4 | Reached skill level 8 in Evocations
 12294 | Spider:4 | Got a gossamer rune of Zot
 12510 | Spider:4 | You pick up a book of Death and begin reading...
 12576 | Spider:3 | Reached skill level 14 in Armour
 12652 | Spider:3 | magus.rc [v1.9.6]
 12738 | Spider:3 | Received a gift from Okawaru
 12739 | Spider:3 | Reached skill level 11 in Dodging
 12947 | Spider:4 | Reached skill level 13 in Shields
 13261 | Spider:3 | Reached XP level 19. HP: 172/172 MP: 28/28
 13883 | Spider:1 | Glimpsed the power of Zot.
 13933 | Spider:1 | Glimpsed the power of Zot.
 13992 | D:10     | Entered Level 10 of the Dungeon
 14121 | D:10     | Reached skill level 12 in Dodging
 14561 | D:10     | Reached skill level 14 in Shields
 14638 | D:10     | Noticed Maggie
 14659 | D:10     | Killed Maggie
 14838 | D:11     | You pick up a book of Necromancy and begin reading...
 14838 | D:11     | You add the spells Necrotise and Agony to your library.
 14931 | D:11     | Found Joepuqy's Weapon Emporium.
 15045 | D:12     | You pick up a book of Debilitation and begin reading...
 15279 | D:12     | You pick up a book of the Senses and begin reading...
 15374 | D:12     | Found a basalt altar of Yredelemnul.
 15504 | D:12     | Found a runed translucent door.
 15506 | D:12     | Noticed WhatIsLove's ghost (journeyman DjFE)
 15556 | D:13     | Noticed Nessos
 15564 | D:13     | Killed Nessos
 15564 | D:13     | Received a gift from Okawaru
 15663 | D:13     | Found a gate to the Vaults.
 15681 | Vaults:1 | Entered Level 1 of the Vaults
 15737 | Vaults:1 | Found Ziudu's Weapon Shop.
 15738 | Vaults:1 | Found Lixuus's Antique Weapon Shop.
 15877 | Vaults:1 | Reached skill level 17 in Fighting
 15886 | Vaults:1 | Received a gift from Okawaru
 15903 | Vaults:1 | Found a transporter.
 15903 | Vaults:1 | Found Rioxto's Antique Weapon Boutique.
 15905 | Vaults:1 | Found a transporter.
 15961 | Vaults:1 | Reached skill level 21 in Unarmed Combat
 15981 | Vaults:1 | Found a magical portal.
 16000 | WizLab   | Entered Iskenderun's Mystic Tower
 16031 | Vaults:1 | Found Gueggixt's General Store.
 16042 | Vaults:1 | Found Koreploa's Antique Weapon Boutique.
 16061 | Vaults:1 | Bought a scroll of enchant armour for 127 gold pieces
 16132 | Vaults:2 | Found Inixt's General Store.
 16141 | Vaults:2 | Bought a potion of resistance for 150 gold pieces
 16141 | Vaults:2 | magus.rc [v1.9.6]
 16174 | Vaults:2 | Reached XP level 20. HP: 155/184 MP: 29/29
 16351 | Vaults:2 | Received a gift from Okawaru
 16465 | Vaults:3 | Reached skill level 18 in Fighting
 16553 | Vaults:3 | Reached skill level 22 in Unarmed Combat
 16643 | Vaults:5 | Entered Level 5 of the Vaults
 16667 | Vaults:5 | Noticed a lich
 16669 | Vaults:5 | Noticed a dread lich
 16672 | Vaults:5 | Paralysed by something for 5 turns
 16675 | Vaults:5 | Noticed a Hell Sentinel
 16718 | Vaults:5 | Noticed a tentacled monstrosity
 16765 | Vaults:5 | Reached skill level 19 in Fighting
 16793 | Vaults:5 | Noticed a tentacled monstrosity
 16795 | Vaults:5 | Killed a tentacled monstrosity
 16804 | Vaults:5 | Received a gift from Okawaru
 16813 | Vaults:5 | Killed a tentacled monstrosity
 16833 | Vaults:5 | Noticed a golden dragon
 16844 | Vaults:5 | Killed a golden dragon
 16855 | Vaults:5 | Reached XP level 21. HP: 61/200 MP: 25/30
 16895 | Vaults:5 | Noticed a dread lich
 16899 | Vaults:5 | Identified the ring of Disyx {rF- rN+ Dex+4 Stlth+}
 16915 | Vaults:5 | Reached skill level 20 in Fighting
 16989 | Vaults:5 | Received a gift from Okawaru
 17022 | Vaults:5 | +0 storm dragon scales {rare}; a storm dragon corpse
 17022 | Vaults:5 | Z - +0 storm dragon scales {rare}
 17050 | Vaults:5 | HP: 30/199 [titan/the air (29)]
 17108 | Vaults:5 | Killed a dread lich
 17109 | Vaults:5 | Reached skill level 21 in Fighting
 17114 | Vaults:5 | +0 shadow dragon scales {rare}; a shadow dragon corpse
 17178 | Vaults:5 | HP: 49/204 [ironbound convoker/+0 great mace (7)]
 17192 | Vaults:5 | HP: 39/204 [deep elf high priest/divine providence (15)]
 17196 | Arena    | Entered the Arena
 17333 | Vaults:5 | You add the spells Blink and Manifold Assault to your
                  | library.
 17338 | Vaults:5 | Identified the staff "Sanuung" {rN+ Str+3 Int+3 Necro}
 17349 | Vaults:5 | You drop a +0 eveningstar of freezing {macerare=g}.
 17417 | Vaults:5 | Received a gift from Okawaru
 17456 | Vaults:5 | Reached skill level 22 in Fighting
 17471 | Vaults:5 | +0 storm dragon scales {rare}; a storm dragon corpse
 17541 | Vaults:5 | Reached XP level 22. HP: 125/216 MP: 31/31
 17597 | Vaults:5 | Received a gift from Okawaru
 17616 | Vaults:5 | You pick up a book of Party Tricks and begin reading...
 17616 | Vaults:5 | You add the spells Apportation and Alistair's Intoxication
                  | to your library.
 17619 | Vaults:5 | Got a silver rune of Zot
 17623 | Vaults:5 | You pick up a book of Spatial Translocations and begin
                  | reading...
 17672 | Vaults:5 | You pick up a book of Displacement and begin reading...
 17672 | Vaults:5 | You add the spells Gell's Gravitas and Teleport Other to
                  | your library.
 17695 | Vaults:5 | +0 storm dragon scales {rare}; a storm dragon corpse
 17757 | Vaults:5 | Killed a dread lich
 17759 | Vaults:5 | Noticed an ancient lich
 17781 | Vaults:5 | Killed an ancient lich
 17803 | Vaults:5 | Reached skill level 15 in Armour
 17803 | Vaults:5 | Reached skill level 15 in Shields
 17835 | Vaults:5 | Noticed a golden dragon
 17850 | Vaults:5 | Received a gift from Okawaru
 17861 | Vaults:5 | Killed a golden dragon
 18067 | Vaults:5 | You add the spells Dispel Undead and Death's Door to your
                  | library.
 18067 | Vaults:5 | Got a loosely-bound book
 18384 | Vaults:4 | Identified the +1 war axe "Leor" {flame, rF- MP+9 Str+2
                  | Dex+5}
 18497 | Vaults:4 | Reached skill level 16 in Armour
 18497 | Vaults:4 | Reached skill level 16 in Shields
 19016 | Vaults:2 | Reached skill level 13 in Dodging
 19041 | Vaults:2 | Reached XP level 23. HP: 209/224 MP: 32/32
 19240 | Vaults:1 | Received a gift from Okawaru
 19268 | Vaults:1 | Glimpsed the power of Zot.
 19523 | D:13     | Identified the +1 leather armour of the Goldsmith {Rampage
                  | rElec rN++ Slay-3}
 19525 | D:13     | You drop +0 storm dragon scales {rare}.
 19530 | D:13     | Z - +0 storm dragon scales {rare}
 19878 | D:14     | Reached skill level 14 in Dodging
 20303 | D:14     | You pick up a book of the Wilderness and begin reading...
 20444 | D:14     | Found a sparkling altar of Nemelex Xobeh.
 20521 | D:15     | Entered Level 15 of the Dungeon
 20524 | D:15     | Found a staircase to the Depths.
 20575 | D:15     | Reached skill level 15 in Dodging
 20852 | D:15     | Identified the ring of the Battered Xalams {MP+9 Int+4}
 21156 | D:15     | Found a glowing golden altar of the Shining One.
 21173 | Depths:1 | Entered Level 1 of the Depths
 21289 | Depths:1 | Found a gateway to Hell.
 21342 | Depths:2 | Reached skill level 16 in Dodging
 21360 | Depths:2 | Noticed Norris
 21375 | Depths:2 | Killed Norris
 21375 | Depths:2 | Received a gift from Okawaru
 21430 | Depths:2 | Identified the staff "Zaplyo" {Fragile Int+3 SInv Conj}
 21436 | Depths:2 | Noticed a juggernaut
 21446 | Depths:2 | Killed a juggernaut
 21491 | Depths:2 | Noticed a juggernaut
 21494 | Depths:2 | Reached skill level 17 in Dodging
 21507 | Depths:2 | Killed a juggernaut
 21515 | Depths:2 | Noticed a golden dragon
 21532 | Depths:2 | Killed a golden dragon
 21624 | Depths:1 | Reached XP level 24. HP: 233/233 MP: 32/32
 21666 | Depths:1 | Reached skill level 18 in Dodging
 21716 | Depths:1 | Received a gift from Okawaru
 21925 | Depths:2 | Reached skill level 19 in Dodging
 21998 | Depths:2 | You pick up a book of Blasting and begin reading...
 21998 | Depths:2 | You add the spells Volatile Blastmotes, Fulminant Prism and
                  | Iskenderun's Mystic Blast to your library.
 22094 | Depths:2 | Identified the ring "Ramm" {Str+6 Int+3}
 22138 | Depths:2 | a shadow dragon changed into a golden dragon
 22138 | Depths:2 | Noticed a golden dragon (glowing shapeshifter)
 22146 | Depths:2 | a golden dragon changed into an iron giant
 22158 | Depths:2 | Reached skill level 20 in Dodging
 22334 | Depths:2 | Received a gift from Okawaru
 22374 | Depths:2 | Reached skill level 12 in Invocations
 22385 | Depths:3 | Found a stormy altar of Qazlal.
 22434 | Depths:4 | Entered Level 4 of the Depths
 22516 | Depths:4 | Noticed a caustic shrike
 22521 | Depths:4 | Reached skill level 13 in Invocations
 22523 | Depths:4 | Noticed a caustic shrike
 22524 | Depths:4 | Noticed a caustic shrike
 22531 | Depths:3 | Killed a caustic shrike
 22649 | Depths:3 | Reached XP level 25. HP: 234/239 MP: 34/34
 22677 | Depths:3 | Killed a caustic shrike
 22678 | Depths:3 | Reached skill level 14 in Invocations
 22682 | Depths:3 | Killed a caustic shrike
 22760 | Depths:3 | Reached skill level 15 in Invocations
 22865 | Depths:3 | +0 shadow dragon scales {rare}; a shadow dragon corpse
 22869 | Depths:3 | +0 shadow dragon scales {rare}; a shadow dragon corpse
 22873 | Depths:2 | Found a one-way gate leading to the halls of Pandemonium.
 22947 | Depths:4 | Reached skill level 16 in Invocations
 23071 | Depths:4 | Found a one-way gate to the infinite horrors of the Abyss.
 23132 | Depths:4 | Noticed a golden dragon
 23139 | Depths:4 | Killed a golden dragon
 23303 | Depths:4 | Noticed a golden dragon
 23315 | Depths:4 | Killed a golden dragon
 23338 | Depths:4 | Received a gift from Okawaru
 23525 | Depths:4 | a black draconian comes into view. It is wielding the +8
                  | frozen axe "Frostbite" {freeze, freezing cloud, *Noise Fly
                  | rC+}.
 23574 | Depths:4 | Noticed a golden dragon
 23585 | Depths:4 | Found a gate to the Realm of Zot.
 23589 | Depths:4 | Killed a golden dragon
 23659 | Depths:4 | Noticed a golden dragon
 23671 | Depths:4 | Killed a golden dragon
 23671 | Depths:4 | Identified +0 gold dragon scales
 23673 | Depths:4 | +0 gold dragon scales {rare}; a golden dragon corpse
 23678 | Depths:4 | +0 gold dragon scales {rare}; a golden dragon corpse
 23678 | Depths:4 | R - +0 gold dragon scales {rare}
 23690 | Depths:4 | You finish putting on your +0 gold dragon scales {rare}.
 23695 | Depths:4 | You finish taking off your +0 gold dragon scales {rare}.
 23710 | Depths:4 | You finish putting on your +0 gold dragon scales {rare}.
 23715 | Depths:4 | You finish taking off your +0 gold dragon scales {rare}.
 23720 | Depths:4 | You drop +0 gold dragon scales {rare}.
 23721 | Depths:4 | You drop +0 storm dragon scales {rare}.
 23930 | Zot:1    | Entered Level 1 of the Realm of Zot
 23996 | Zot:1    | Reached XP level 26. HP: 234/248 MP: 31/36
 24036 | Zot:1    | Identified the ring of Mirth {Ice rN+ Str+2 SInv}
 24036 | Zot:1    | Noticed Josephina
 24058 | Zot:1    | Killed Josephina
 24081 | Zot:2    | Noticed an electric golem
 24092 | Zot:2    | Killed an electric golem
 24093 | Zot:2    | Reached skill level 17 in Armour
 24105 | Zot:2    | Reached skill level 21 in Dodging
 24105 | Zot:2    | Reached skill level 17 in Shields
 24232 | Arena    | Entered the Arena
 24241 | Arena    | Identified +0 gold dragon scales
 24243 | Arena    | +0 gold dragon scales {rare}; a golden dragon corpse
 24245 | Arena    | +0 gold dragon scales {rare}; a golden dragon corpse
 24460 | Zot:2    | quicksilver dragon scales {rare}; a quicksilver dragon
                  | corpse
 24622 | Zot:2    | Noticed Vv
 24639 | Zot:2    | Killed Vv
 24656 | Zot:2    | Reached skill level 18 in Armour
 24779 | Zot:3    | Noticed a curse toe
 24796 | Zot:3    | Killed a curse toe
 24797 | Zot:3    | Reached skill level 18 in Shields
 24823 | Zot:4    | Noticed an orb of fire
 24836 | Zot:4    | Killed an orb of fire
 24953 | Zot:5    | Entered Level 5 of the Realm of Zot
 25125 | Zot:5    | Reached skill level 22 in Dodging
 25125 | Zot:5    | Reached XP level 27. HP: 245/255 MP: 36/36
 25215 | Zot:5    | Noticed a Killer Klown
 25221 | Zot:5    | Noticed an electric golem
 25232 | Zot:5    | Noticed a dread lich
 25232 | Zot:5    | Noticed an orb of fire
 25232 | Zot:5    | Noticed a Killer Klown
 25254 | Zot:5    | Killed an orb of fire
 25264 | Zot:5    | Noticed a Killer Klown
 25271 | Zot:5    | Killed an electric golem
 25274 | Zot:5    | Killed a Killer Klown
 25279 | Zot:5    | Killed a dread lich
 25280 | Zot:5    | Reached skill level 19 in Armour
 25284 | Zot:5    | Killed a Killer Klown
 25288 | Zot:5    | Reached skill level 19 in Shields
 25320 | Zot:5    | Received a gift from Okawaru
 25365 | Zot:5    | Noticed an orb of fire
 25377 | Zot:5    | Noticed a Killer Klown
 25384 | Zot:5    | Noticed a Killer Klown
 25387 | Zot:5    | Killed an orb of fire
 25421 | Zot:5    | Killed a Killer Klown
 25426 | Zot:5    | Noticed a Killer Klown
 25427 | Zot:5    | Noticed a Killer Klown
 25429 | Zot:5    | Noticed an orb of fire
 25433 | Zot:5    | a Killer Klown changed into a juggernaut
 25433 | Zot:5    | Noticed a juggernaut
 25440 | Zot:5    | Killed a juggernaut
 25445 | Zot:5    | Killed an orb of fire
 25451 | Zot:5    | Killed a Killer Klown
 25532 | Zot:5    | Noticed a Killer Klown
 25535 | Zot:5    | Noticed an electric golem
 25555 | Zot:5    | Killed an electric golem
 25555 | Zot:5    | Received a gift from Okawaru
 25556 | Zot:5    | a Killer Klown changed into a juggernaut
 25556 | Zot:5    | Noticed a juggernaut
 25573 | Zot:5    | Killed a juggernaut
 25574 | Zot:5    | Reached skill level 20 in Armour
 25580 | Zot:5    | Reached skill level 20 in Shields
 25587 | Zot:5    | Got the Orb of Zot
 25611 | Zot:5    | Noticed an ancient lich
 25618 | Zot:5    | Killed an ancient lich
 25627 | Zot:5    | Noticed an orb of fire
 25639 | Zot:5    | Killed an orb of fire
 25641 | Zot:5    | Gained mutation: You are clumsy. (Dex -2) [mutagenic glow]
 25656 | Zot:5    | Gained mutation: You occasionally shout uncontrollably at
                  | your foes. [mutagenic glow]
 25671 | Zot:5    | Gained mutation: You are very clumsy. (Dex -4) [mutagenic
                  | glow]
 25693 | Zot:5    | Killed a Killer Klown
 25714 | Zot:5    | Killed a Killer Klown
 25800 | Zot:3    | quicksilver dragon scales {rare}; a quicksilver dragon
                  | corpse
 25811 | Zot:3    | Noticed Xefa the pandemonium lord
 25834 | Zot:3    | Killed Xefa the pandemonium lord
 26005 | Zot:2    | Noticed an electric golem
 26035 | Zot:2    | Killed an electric golem
 26076 | Zot:2    | Reached skill level 21 in Armour
 26212 | Depths:2 | Reached skill level 21 in Shields
 26507 | D:1      | Noticed Tiunizxu the pandemonium lord
 26514 | D:$      | Escaped with the Orb!

Vanquished Creatures
  A pandemonium lord (Zot:3)
  3 dread liches
  2 ancient liches
  5 orbs of fire
  4 juggernauts
  Josephina (Zot:1)
  A curse toe (Zot:3)
  6 Killer Klowns (Zot:5)
  Vv (Zot:2)
  3 caustic shrikes (Depths:3)
  11 golden dragons
  Nikola (Shoals:1)
  Norris (Depths:2)
  4 electric golems
  A walking crystal tome (Depths:2)
  10 tentacled monstrosities
  6 liches
  30 Orb Guardians
  4 sphinxes
  6 quicksilver dragons
  7 titans (Vaults:5)
  7 death cobs
  7 draconian monks
  10 shadow dragons
  10 storm dragons
  6 tengu reavers
  A demonspawn warmonger (Zot:3)
  11 frost giants
  8 fire giants
  A deep elf sorcerer (Vaults:5)
  9 vault wardens
  Louise (Shoals:4)
  4 draconian knights
  6 draconian scorchers
  2 emperor scorpions (Spider:4)
  17 ironbound preservers
  6 draconian shifters
  4 ghost moths
  2 broodmothers (Spider:3)
  A draconian stormcaller (Zot:2)
  An orc warlord (Orc:2)
  A spriggan defender (Depths:2)
  A reaper (Zot:3)
  3 war gargoyles
  9 draconian annihilators
  13 green draconians
  10 very ugly things
  A stone giant (shapeshifter) (Depths:2)
  14 stone giants
  10 ironbound thunderhulks
  A deep elf demonologist (Vaults:5)
  Nessos (D:13)
  A deep elf annihilator (Vaults:5)
  15 black draconians
  2 lorocyprocas (Zot:3)
  12 purple draconians
  12 yellow draconians
  11 red draconians
  14 dire elephants
  15 white draconians
  A deep elf death mage (Vaults:5)
  2 spark wasps
  5 merfolk javelineers
  5 jiangshi
  8 merfolk impalers
  10 ettins
  4 entropy weavers
  4 deep elf high priests
  6 rakshasas
  9 yaktaur captains
  7 ice dragons
  4 hydras
  7 fire dragons
  2 great orbs of eyes
  25 vault guards
  A peacekeeper (Vaults:3)
  An ironbound frostheart (Vaults:1)
  An ogre mage (Vaults:5)
  2 radroaches
  2 jorogumos (Spider:4)
  10 spriggan air magi
  12 two-headed ogres
  An alligator snapping turtle (Shoals:4)
  2 merfolk avatars
  7 merfolk aquamancers
  4 satyrs
  The ghost of JaaP the Cleaver, a novice MiFi (Lair:1)
  A boulder beetle (Vaults:3)
  8 centaur warriors
  3 death knights
  7 deep troll shamans
  4 demonic crawlers (Spider:3)
  3 vampire magi
  7 death scarabs (Spider:4)
  10 deep troll earth magi
  7 hell hogs
  5 tengu warriors
  10 spriggan berserkers
  5 orc high priests (Orc:2)
  19 hell knights
  A soul eater (Depths:4)
  10 iron trolls
  A skeletal warrior (D:15)
  2 spark wasp zombies (D:15)
  11 skysharks
  2 glowing orange brains
  A sea snake (shapeshifter) (Vaults:5)
  29 deep trolls
  5 pharaoh ants
  10 sea snakes
  2 death drakes (Depths:4)
  A deep troll (shapeshifter) (Vaults:5)
  A flayed ghost (Depths:1)
  5 orb spiders
  12 ironbound convokers
  5 phantasmal warriors
  2 bog bodies (IceCv)
  A deep elf archer (Spider:2)
  9 steelbarb worms
  2 spectral wolf spiders (Spider:4)
  6 orc knights
  18 harpies
  5 lindwurms
  9 wizards
  A wolf spider zombie (Spider:4)
  6 necromancers
  A fire giant zombie (D:15)
  2 deep elf pyromancers (D:13)
  A shining eye (shapeshifter) (Vaults:5)
  5 cyclopes
  2 orc sorcerers (Orc:2)
  10 wolf spiders
  28 ugly things
  A cyclops (shapeshifter) (Depths:2)
  7 elephants
  12 manticores
  14 fauns
  17 moths of wrath
  8 large abominations (Depths:4)
  7 merfolk sirens
  5 black mambas
  5 water nymphs
  10 vault sentinels
  4 cane toads
  A rust devil (Zot:3)
  An ice statue (IceCv)
  3 gargoyles
  5 torpor snails
  Maggie (D:10)
  2 unseen horrors
  4 freezing wraiths
  5 komodo dragons
  A spriggan zombie (D:15)
  A rime drake (Lair:1)
  An unseen horror (shapeshifter) (D:15)
  3 spectral redbacks (Spider:4)
  Jeremiah (Lair:1)
  3 kobold demonologists
  An efreet (D:15)
  A golden dragon simulacrum (Zot:1)
  3 anaconda simulacra (IceCv)
  20 yaktaurs
  A redback zombie (Spider:4)
  4 wind drakes
  A guardian mummy (D:15)
  35 merfolk
  A troll (shapeshifter) (D:15)
  4 polar bears
  9 trolls
  2 shadow dragon simulacra (Zot:1)
  3 spectral jumping spiders (Spider:4)
  A tarantella (shapeshifter) (Vaults:5)
  6 spectral tarantellas (Spider:4)
  A wind drake (shapeshifter) (D:13)
  A spectral culicivora (Spider:4)
  7 hornets
  6 snapping turtles
  16 tarantellas
  10 blink frogs
  2 jumping spider zombies (Spider:4)
  23 dream sheep
  A blink frog (shapeshifter) (D:14)
  A culicivora zombie (Spider:4)
  21 jumping spiders
  11 spriggans
  9 culicivoras
  6 wyverns
  31 slime creatures
  5 shadows
  A vampire (D:10)
  48 yaks
  4 wraiths
  A ynoxinul (Zot:3)
  2 fire elementals
  9 basilisks
  9 water elementals
  A hog (shapeshifter) (D:14)
  3 chaos spawn
  Grum (Lair:1)
  A steam dragon (Lair:4)
  3 vampire mosquitoes
  37 redbacks
  4 wargs
  3 death yak simulacra (IceCv)
  An acid dragon (D:10)
  A harpy simulacrum (IceCv)
  A hydra simulacrum (IceCv)
  17 water moccasins
  42 orc warriors
  A hell hound (Spider:2)
  A moth of wrath simulacrum (Zot:1)
  A black bear (Lair:5)
  An ice beast (D:4)
  2 sky beasts
  25 wolves
  11 ogres
  2 boggarts (Lair:5)
  A tengu (shapeshifter) (Vaults:5)
  5 centaurs
  2 kobold brigands
  2 phantoms (D:6)
  5 small abominations
  13 scorpions
  14 bullfrogs
  3 cane toad simulacra (IceCv)
  4 two-headed ogre simulacra (IceCv)
  10 wights
  23 killer bees
  An elephant simulacrum (IceCv)
  6 electric eels
  10 howler monkeys
  5 hounds
  2 centaur zombies (Ossuary)
  22 orc priests
  7 jellies
  A human zombie (Ossuary)
  A gnoll bouda (D:9)
  2 sleepcaps
  Ijyb (D:3)
  2 iguanas
  15 orc wizards
  Natasha (twice) (D:3)
  8 scorpion zombies (Ossuary)
  8 troll simulacra (IceCv)
  3 hell rats (Lair:1)
  5 spriggan simulacra (IceCv)
  2 polar bear simulacra (IceCv)
  3 wolf simulacra (IceCv)
  4 mummies
  6 gnolls
  2 adders
  6 naga simulacra (IceCv)
  17 white imps
  9 ufetubi (IceCv)
  2 dart slugs
  2 worms
  92 orcs
  8 bats
  3 endoplasms
  A giant cockroach (D:2)
  5 goblins
  2 hobgoblins
  8 jackals
  A quokka (D:1)
  8 ball pythons
  5 frilled lizards
  4 gnoll zombies (Ossuary)
  A goblin zombie (Ossuary)
  A hobgoblin zombie (Ossuary)
  14 kobolds
  A kobold zombie (Ossuary)
  An orc zombie (Ossuary)
  7 rats
  A spectral orc (D:12)
1803 creatures vanquished.

Vanquished Creatures (others)
  A golden dragon (Zot:2)
  A deep elf knight (Spider:2)
  A hell knight (Depths:2)
  A wind drake (Shoals:1)
  A chaos spawn (Depths:4)
  An orc (D:10)
6 creatures vanquished.

Grand Total: 1809 creatures vanquished

Table legend:
 A = Non-vault XP
 B = Vault XP
 C = Vault XP percentage of total XP
 D = Non-vault monster count
 E = Vault monster count
 F = Vault count percentage of total count
                 A         B        C        D         E       F
            +---------+---------+-------+---------+---------+-------
      Total |  529072 |  499393 |  48.6 |    1024 |     761 |  42.6
            +---------+---------+-------+---------+---------+-------
        D:1 |      41 |       0 |   0.0 |      25 |       0 |   0.0
        D:2 |      66 |       0 |   0.0 |      18 |       0 |   0.0
        D:3 |     165 |      71 |  30.1 |      21 |       2 |   8.7
        D:4 |     177 |     172 |  49.3 |      10 |       6 |  37.5
        D:5 |      81 |       0 |   0.0 |       2 |       0 |   0.0
        D:6 |     597 |       0 |   0.0 |       6 |       0 |   0.0
        D:7 |     812 |    1982 |  70.9 |      16 |      20 |  55.6
        D:8 |    2167 |       0 |   0.0 |      25 |       0 |   0.0
        D:9 |    3073 |     796 |  20.6 |      22 |       7 |  24.1
       D:10 |    2835 |    3433 |  54.8 |      22 |      19 |  46.3
       D:11 |    2182 |       0 |   0.0 |      18 |       0 |   0.0
       D:12 |    7915 |     425 |   5.1 |      25 |       3 |  10.7
       D:13 |    4216 |    6919 |  62.1 |      10 |      13 |  56.5
       D:14 |   14247 |       0 |   0.0 |      30 |       0 |   0.0
       D:15 |    7639 |    6652 |  46.5 |      17 |      10 |  37.0
     Lair:1 |    1576 |    2209 |  58.4 |       8 |       8 |  50.0
     Lair:2 |   11110 |     705 |   6.0 |      38 |       4 |   9.5
     Lair:3 |    5378 |    1397 |  20.6 |      22 |       4 |  15.4
     Lair:4 |    7946 |     240 |   2.9 |      29 |       5 |  14.7
     Lair:5 |    5172 |    8450 |  62.0 |      23 |      38 |  62.3
   Shoals:1 |   15483 |    2223 |  12.6 |      31 |       1 |   3.1
   Shoals:2 |   15241 |       0 |   0.0 |      27 |       0 |   0.0
   Shoals:3 |   18559 |       0 |   0.0 |      35 |       0 |   0.0
   Shoals:4 |    7357 |   21406 |  74.4 |      19 |      31 |  62.0
   Spider:1 |    4388 |       0 |   0.0 |      15 |       0 |   0.0
   Spider:2 |    5500 |    3472 |  38.7 |      12 |       5 |  29.4
   Spider:3 |   25009 |       0 |   0.0 |      62 |       0 |   0.0
   Spider:4 |    6632 |   29703 |  81.7 |      21 |      56 |  72.7
      Orc:1 |    1085 |     113 |   9.4 |      22 |      12 |  35.3
      Orc:2 |       0 |   16854 | 100.0 |       0 |     122 | 100.0
   Vaults:1 |   20596 |    4529 |  18.0 |      34 |       7 |  17.1
   Vaults:2 |   28026 |    4663 |  14.3 |      42 |       6 |  12.5
   Vaults:3 |    4704 |   14376 |  75.3 |       7 |      16 |  69.6
   Vaults:4 |   16337 |       0 |   0.0 |      26 |       0 |   0.0
   Vaults:5 |   38760 |  116683 |  75.1 |      58 |      97 |  62.6
   Depths:1 |   13929 |    7557 |  35.2 |      17 |       8 |  32.0
   Depths:2 |   39253 |   55170 |  58.4 |      44 |      49 |  52.7
   Depths:3 |   42740 |    2539 |   5.6 |      42 |       3 |   6.7
   Depths:4 |    8805 |   67076 |  88.4 |      12 |      67 |  84.8
      Zot:1 |    7352 |    4162 |  36.1 |       6 |       5 |  45.5
      Zot:2 |   67987 |    9313 |  12.0 |      56 |       6 |   9.7
      Zot:3 |    9871 |       0 |   0.0 |       8 |       0 |   0.0
      Zot:4 |   20824 |    1827 |   8.1 |      16 |       1 |   5.9
      Zot:5 |   30945 |   97098 |  75.8 |      24 |      40 |  62.5
    Ossuary |       0 |    1403 | 100.0 |       0 |      33 | 100.0
      IceCv |       0 |    4893 | 100.0 |       0 |      56 | 100.0
      Arena |    2294 |     882 |  27.8 |       1 |       1 |  50.0
            +---------+---------+-------+---------+---------+-------

Skill      XL: |  1  2  3  4  5  6  7  8  9 10 11 12 13 14 15 16 17 18 19 20 21 22 23 24 25 26 27 |
---------------+----------------------------------------------------------------------------------+-----
Unarmed Combat | 1 2 3 4 6 7 9 11 13 16 18 20 21 22 | 22.0
Fighting       | 3 6 9 10 12 15 16 17 19 22 | 22.3
Dodging        | 3 6 9 10 11 12 13 17 20 22 | 22.0
Armour         | 4 6 8 13 14 16 18 21 | 21.1
Invocations    | 11 13 16 | 16.8
Shields        | 6 12 13 14 16 18 21 | 21.0
Evocations     | 8 |  8.0
Spellcasting   | |  1.3
Transmutations | |  3.6

Action                     |  1- 3 |  4- 6 |  7- 9 | 10-12 | 13-15 | 16-18 | 19-21 | 22-24 | 25-27 || total
---------------------------+-------+-------+-------+-------+-------+-------+-------+-------+-------++-------
  Melee: Unarmed           |   145 |   124 |   221 |   461 |  1183 |  1142 |  1184 |  1336 |  1517 ||  7313
         Punch             |     1 |     4 |    19 |    59 |    30 |       |       |       |       ||   113
         Headbutt          |       |       |    33 |   112 |   292 |   289 |   379 |   458 |   552 ||  2115
   Cast: Wereblood         |     1 |       |     2 |       |       |       |       |       |       ||     3
 Invoke: Heroism           |       |       |       |     8 |     6 |    22 |    20 |    23 |    24 ||   103
         Finesse           |       |       |       |     1 |     2 |     7 |     7 |     9 |    16 ||    42
         Receive Weapon    |       |       |       |       |     1 |       |       |       |       ||     1
         Receive Armour    |       |       |       |       |     1 |       |       |       |       ||     1
         Duel              |       |       |       |       |       |       |     1 |       |     1 ||     2
  Evoke: Wand              |       |       |       |     9 |    12 |     1 |       |     4 |     7 ||    33
         Lightning rod     |       |       |       |       |       |       |       |     1 |       ||     1
    Use: Potion            |       |     2 |       |     2 |     3 |     2 |     5 |       |    12 ||    26
         Scroll            |       |       |    11 |     5 |    15 |     5 |    15 |     5 |     7 ||    63
   Stab: Distracted        |       |     1 |       |       |       |       |       |       |       ||     1
         Held in net/web   |       |       |       |       |       |     1 |       |       |       ||     1
         Confused          |       |       |       |       |       |       |       |       |     2 ||     2
 Armour: Ring mail         |    81 |    88 |   163 |   334 |   246 |       |       |       |       ||   912
         Skin              |       |     2 |       |       |       |       |       |       |       ||     2
         Chain mail        |       |       |       |       |   321 |   453 |   406 |   393 |   366 ||  1939
  Dodge: Dodged            |    81 |    60 |    98 |   353 |   595 |   379 |   363 |   421 |   493 ||  2843
  Block: Kite shield       |       |       |       |       |   549 |   908 |   790 |   783 |   750 ||  3780
         Reflection        |       |       |       |       |     2 |    58 |    51 |    51 |    20 ||   182

Illustrated notes

Table legend:
 A = Kills in this place as a percentage of kills in the entire game.
 B = Kills by you in this place as a percentage of kills by you in the entire game.
 C = Kills by friends in this place as a percentage of kills by friends in the entire game.
 D = Other kills in this place as a percentage of other kills in the entire game.
 E = Experience gained in this place as a percentage of experience gained in the entire game.
 F = Experience gained in this place divided by the number of levels of this place that you have seen.
                   A       B       C       D       E      F
               +-------+-------+-------+-------+-------+----------------------
         Total | 100.0 | 100.0 |   N/A | 100.0 | 100.0 | 21530.9
       Dungeon |  19.3 |  19.3 |   N/A |   0.0 |   6.5 | 4559.2
          Lair |   9.9 |   9.9 |   N/A |   0.0 |   4.2 | 8836.6
        Shoals |   8.0 |   8.0 |   N/A |   0.0 |   7.6 | 20067.2
   Spider Nest |   9.5 |   9.4 |   N/A |  25.0 |   7.1 | 18676.0
  Orcish Mines |   8.6 |   8.7 |   N/A |   0.0 |   1.7 | 9026.0
        Vaults |  16.2 |  16.3 |   N/A |   0.0 |  23.6 | 49734.8
        Depths |  13.5 |  13.4 |   N/A |  50.0 |  22.7 | 59920.0
           Zot |  10.0 |  10.0 |   N/A |  25.0 |  25.7 | 54318.8
       Ossuary |   1.8 |   1.8 |   N/A |   0.0 |   0.1 | 1403.0
      Ice Cave |   3.1 |   3.1 |   N/A |   0.0 |   0.5 | 4893.0
         Arena |   0.1 |   0.1 |   N/A |   0.0 |   0.3 | 1588.0
               +-------+-------+-------+-------+-------+----------------------

Table legend: (Time is in decaauts)
 A = Elapsed time spent in this place.
 B = Non-inter-level travel time spent in this place.
 C = Inter-level travel time spent in this place.
 D = Time resting spent in this place.
 E = Time spent auto-exploring this place.
 F = Levels seen in this place.
 G = Mean time per level.
                   A        B        C        D        E       F      G
               +--------+--------+--------+--------+--------+-----+--------+
         Total |  23292 |  21343 |   1949 |     43 |   8452 |  49 |  475.3 |
       Dungeon |   7774 |   7111 |    663 |     21 |   4565 |  15 |  518.3 |
          Lair |   2239 |   1953 |    286 |      8 |    412 |   5 |  447.8 |
        Shoals |   2335 |   2223 |    112 |      8 |    822 |   4 |  583.8 |
   Spider Nest |   2350 |   2008 |    342 |      6 |   1036 |   4 |  587.5 |
  Orcish Mines |   1145 |   1033 |    112 |      0 |    372 |   2 |  572.5 |
        Vaults |   2914 |   2787 |    127 |      0 |    749 |   5 |  582.8 |
        Depths |   2243 |   1998 |    245 |      0 |    235 |   4 |  560.8 |
           Zot |   1480 |   1419 |     61 |      0 |    136 |   5 |  296.0 |
       Ossuary |    326 |    326 |      0 |      0 |    117 |   1 |  326.0 |
      Ice Cave |    431 |    431 |      0 |      0 |      7 |   1 |  431.0 |
        Wizlab |      4 |      4 |      0 |      0 |      0 |   1 |    4.0 |
         Arena |     46 |     46 |      0 |      0 |      0 |   2 |   23.0 |
               +--------+--------+--------+--------+--------+-----+--------+

Top non-repeatable levels by time:
Vaults:5: 1068 daAuts
Depths:4: 956 daAuts
   Orc:2: 928 daAuts
Shoals:4: 793 daAuts
Spider:3: 786 daAuts
Spider:4: 761 daAuts
     D:9: 750 daAuts
    D:13: 693 daAuts
    D:10: 671 daAuts
     D:8: 667 daAuts
    D:15: 655 daAuts
    D:14: 625 daAuts
Shoals:3: 613 daAuts
     D:3: 613 daAuts
  Lair:5: 610 daAuts
